 Dungeon Crawl Stone Soup version 0.23-a0-143-g1adec7bb76 (webtiles) character file.

95626 PikkenKukken the Slicer (level 15, -14/120 HPs)
             Began as a Demonspawn Fighter on Sept 5, 2018.
             Was a High Priest of Okawaru.
             Killed from afar by Nikola (25 damage)
             ... with a chain lightning
             ... on level 1 of the Spider Nest.
             The game lasted 01:06:52 (32618 turns).

PikkenKukken the Slicer (Demonspawn Fighter)       Turns: 32618, Time: 01:06:53

Health: -14/120    AC: 29    Str: 15    XL:     15   Next: 66%
Magic:  23/23      EV:  4    Int: 14    God:    Okawaru [*****.]
Gold:   2389       SH: 14    Dex: 16    Spells: 14/14 levels left

rFire    + + .     SeeInvis +   e - +3 rapier of Midwinter {flame, rPois rN++ Str-4 Stlth+}
rCold    + . .     Gourm    .   V - +2 shield
rNeg     + + .     Faith    .   I - +3 crystal plate armour
rPois    +         Spirit   .   (helmet unavailable)
rElec    .         Reflect  .   N - scarf {rC+ rF+}
rCorr    +         Harm     .   y - +0 pair of gloves
MR       ++...                  K - +0 pair of boots of the Onion {rF+ rCorr Int+4}
Stlth    ..........             (no amulet)
HPRegen  0.30/turn              D - ring of protection from magic
MPRegen  0.18/turn              d - ring of see invisible

@: about to teleport, finesse
A: horns 3, thin metallic scales 2, powered by pain 2, spiny 2
a: Heroism, Finesse, Renounce Religion


You were on level 1 of the Spider Nest.
You worshipped Okawaru.
Okawaru was extremely pleased with you.
You were hungry.

You visited 4 branches of the dungeon, and saw 23 of its levels.
You also visited: Bailey.

You collected 2623 gold pieces.
You spent 234 gold pieces at shops.

Inventory:

Hand Weapons
 a - a +1 rapier of venom
 e - the +3 rapier of Midwinter (weapon) {flame, rPois rN++ Str-4 Stlth+}
   (You acquired it on level 14 of the Dungeon)

   It has been specially enchanted to burn those struck by it, causing extra
   injury to most foes and up to half again as much damage against particularly
   susceptible opponents.
   It affects your strength (-4).
   It protects you from poison.
   It greatly protects you from negative energy.
   It makes you more stealthy.
Armour
 y - a +0 pair of gloves (worn)
 I - a +3 crystal plate armour (worn)
 K - the +0 pair of boots of the Onion (worn) {rF+ rCorr Int+4}
   (Okawaru gifted it to you on level 5 of the Lair of Beasts)

   It affects your intelligence (+4).
   It protects you from fire.
   It provides partial protection from all sources of acid and corrosion.
 N - a scarf of resistance (worn)
 V - a +2 shield (worn)
Jewellery
 d - a ring of see invisible (right hand)
 i - an uncursed ring of wizardry
 D - a ring of protection from magic (left hand)
 P - an uncursed ring of magical power
 Q - an uncursed ring of ice
 S - a +2 ring of intelligence
 U - an uncursed ring of protection from fire
Wands
 p - a wand of polymorph (26)
 t - a wand of enslavement (14)
 x - a wand of random effects (118)
 z - a wand of acid (11)
 A - a wand of scattershot (13)
 F - a wand of paralysis (15)
 L - a wand of iceblast (6)
 O - a wand of disintegration (6)
Scrolls
 c - a scroll of brand weapon
 h - 8 scrolls of identify
 j - 6 scrolls of amnesia
 m - 8 scrolls of remove curse
 o - 3 scrolls of enchant weapon
 r - 3 scrolls of fog
 v - 2 scrolls of teleportation
 B - 3 scrolls of magic mapping
 E - 3 scrolls of blinking
 G - 4 scrolls of fear
 R - a scroll of enchant armour
Potions
 b - 6 potions of curing
 g - 3 potions of invisibility
 l - a potion of flight
 n - 6 potions of heal wounds
 q - a potion of cancellation
 s - 2 potions of brilliance
 u - a potion of mutation
 w - a potion of might
 C - 6 potions of haste
 H - a potion of lignification
 M - 2 potions of agility
Miscellaneous
 T - a phantom mirror
Comestibles
 f - 25 rations
 k - 4 chunks of flesh


   Skills:
 + Level 11.9 Fighting
 * Level 14.5 Short Blades
 + Level 10.9 Armour
 * Level 9.1 Dodging
 + Level 10.9 Shields
 - Level 11.2 Invocations


You had 14 spell levels left.
You didn't know any spells.
Your spell library contained the following spells:

 Spells                   Type           Power        Failure   Level  Hunger
 Animate Skeleton         Necr           N/A          100%        1    ##.....
 Apportation              Tloc           #.....       100%        1    ##.....
 Confusing Touch          Hex            #.....       100%        1    ##.....
 Corona                   Hex            #......      100%        1    ##.....
 Shock                    Conj/Air       #...         100%        1    ##.....
 Summon Small Mammal      Summ           #...         100%        1    ##.....
 Blink                    Tloc           N/A          100%        2    ###....
 Poisonous Vapours        Pois/Air       #.....       100%        2    ###....
 Shroud of Golubria       Chrm/Tloc      #.........   100%        2    ###....
 Slow                     Hex            #.......     100%        2    ###....
 Swiftness                Chrm/Air       #.......     100%        2    ###....
 Throw Frost              Conj/Ice       #.....       100%        2    ###....
 Gell's Gravitas          Tloc           #.........   100%        3    ####...
 Inner Flame              Hex/Fire       #.......     100%        3    ####...
 Lesser Beckoning         Tloc           #.........   100%        3    ####...
 Ozocubu's Armour         Chrm/Ice       #.......     100%        3    ####...
 Portal Projectile        Hex/Tloc       #.....       100%        3    ####...
 Recall                   Summ/Tloc      N/A          100%        3    ####...
 Static Discharge         Conj/Air       #.......     100%        3    ####...
 Teleport Other           Tloc           #.......     100%        3    ####...
 Airstrike                Air            #.........   100%        4    #####..
 Animate Dead             Necr           N/A          100%        4    #####..
 Cause Fear               Hex            #.........   100%        4    #####..
 Leda's Liquefaction      Hex/Erth       #.........   100%        4    #####..
 Passage of Golubria      Tloc           N/A          100%        4    #####..
 Borgnjor's Vile Clutch   Necr/Erth      #.........   100%        5    ######.
 Lightning Bolt           Conj/Air       #.........   100%        5    ######.
 Metabolic Englaciation   Hex/Ice        #.........   100%        5    ######.
 Silence                  Hex/Air        #.........   100%        5    ######.
 Yara's Violent Unravell  Hex/Tmut       #.........   100%        5    ######.
 Death Channel            Necr           #.........   100%        6    #######
 Deflect Missiles         Chrm/Air       #.........   100%        6    #######
 Simulacrum               Ice/Necr       #.........   100%        6    #######
 Discord                  Hex            #.........   100%        8    #######


Dungeon Overview and Level Annotations

Branches:
Dungeon (14/15)            Temple (0/1) D:5            Lair (6/6) D:11
 Shoals (0/4) Lair:2       Spider (1/4) Lair:2        Slime (0/5) Lair:6
    Orc (2/2) D:11            Elf (0/3) Orc:2        Vaults (0/5) D:14

Altars:
Cheibriados
Dithmenos
Elyvilon
Fedhas
Nemelex Xobeh
Okawaru
Qazlal
Ru
Trog
Uskayaw
Xom
Yredelemnul
Zin
The Shining One
Jiyva

Shops:
D:14 (   Orc:2 *[*[

Annotations:
Lair:2 1 runed door, Qoideq's ghost, journeyman MfGl
Lair:6 3 runed doors, Waxziuq's ghost, journeyman DDFi
Spider:1 Nikola


Innate Abilities, Weirdness & Mutations

You have a pair of large horns on your head.
You are mostly covered in thin metallic scales. (AC +3)
You sometimes gain power by taking damage.
You are mostly covered in sharp spines.


Message History

The redback bites you but does no damage.
As you read the scroll of teleportation, it crumbles to dust.
You feel strangely unstable.
The redback bites you but does no damage.
The redback is struck by your spines.
The redback bites you but does no damage.
Nikola gestures at you while chanting. The zap hits you! The redback bites you.
* * * LOW HITPOINT WARNING * * *
You block the redback's attack.
Nikola yells, "Danger!
Danger!
High voltage!"
Nikola casts a spell.
You hear a mighty clap of thunder!
The lightning arc hits the redback.
The redback dies!
The lightning arc hits you!
* * * LOW HITPOINT WARNING * * *
The lightning arc hits Nikola.
The lightning arc hits you!
You die...

.......#...#..##..#≈≈≈#
#....##..#...†^..#.≈≈≈#
##..#.....#@#..≈≈≈≈#
......#.#.^....#≈≈##
......#....#†...#≈##
..#.#...[.##..#..≈≈#
....#...#........##
#.#...#.†^..#†#..≈≈#
............s#@##≈≈#
........#.#....# ###
.#.###...†#.###
.......#.#.†...#
..#.#.#.#.^##.##
..........##
..#.#.#...##
#....#..#..# #..#.
..#.#≈#


You could see Nikola.

Vanquished Creatures
  Kirke (Lair:3)
  2 emperor scorpions
  A dire elephant (Lair:6)
  Snorg (Lair:5)
  8 vault guards (D:14)
  6 hydras
  2 centaur warriors (D:14)
  A merfolk avatar (Lair:6)
  A two-headed ogre (D:11)
  Urug (Lair:5)
  3 orc high priests (Orc:2)
  A sea snake (Lair:6)
  2 unseen horrors
  A wizard (D:14)
  5 lindwurms
  A harpy (Lair:6)
  6 wolf spiders
  6 orc sorcerers
  5 orc knights
  4 cyclopes
  A manticore (Lair:2)
  10 ugly things
  14 elephants
  A centaur zombie (D:9)
  Joseph (Lair:1)
  A torpor snail (Spider:1)
  5 black mambas
  17 spiny frogs
  3 centaur skeletons
  6 komodo dragons
  5 rime drakes
  3 demonic crawlers (Spider:1)
  3 jumping spiders (Spider:1)
  A hornet (D:12)
  7 polar bears
  4 trolls
  21 blink frogs
  A wind drake (Lair:6)
  Grinder (D:5)
  5 dream sheep (Lair:4)
  8 hippogriffs
  5 slime creatures
  2 shadows
  17 redbacks
  A vampire (D:11)
  4 tarantellas
  A wraith (D:13)
  6 wyverns
  The ghost of blobbo the Sneak, an amateur SpEn (D:4)
  3 basilisks
  67 yaks
  3 hungry ghosts
  3 hogs
  2 steam dragons
  5 wargs
  2 acid dragons (D:13)
  A two-headed ogre zombie (D:11)
  7 porcupines
  21 water moccasins
  25 orc warriors
  5 sky beasts
  3 eyes of draining
  3 necrophages
  A black bear (D:7)
  2 ice beasts
  11 ogres
  6 phantoms
  4 wolves (Lair:6)
  17 crocodiles
  7 centaurs
  A big kobold (D:14)
  7 bullfrogs
  2 elf skeletons (D:13)
  A wyvern zombie (D:9)
  A scorpion (D:6)
  11 wights
  3 troll zombies (D:11)
  2 howler monkeys
  An electric eel (Orc:2)
  4 crimson imps
  4 bullfrog zombies
  4 human zombies (D:13)
  7 hounds
  3 quasits
  Crazy Yiuf (D:5)
  18 orc priests
  6 jellies
  28 orc wizards
  A human skeleton (D:13)
  2 iguanas
  Natasha (twice) (D:3)
  16 worker ants
  4 ogre zombies (D:11)
  A hound zombie (D:7)
  3 mummies (D:13)
  A howler monkey zombie (D:4)
  2 worker ant zombies
  8 gnolls
  10 adders
  2 shadow imps
  8 oozes
  4 dart slugs (D:1)
  A worm (D:9)
  3 leopard geckos
  68 orcs
  5 ball pythons
  7 giant cockroaches
  17 goblins
  7 hobgoblins
  13 jackals
  4 quokkas
  6 bats
  6 frilled lizards
  A goblin skeleton (D:11)
  A goblin zombie (D:11)
  2 hobgoblin zombies (D:11)
  2 jackal zombies
  22 kobolds
  4 orc skeletons (D:11)
  17 orc zombies (D:11)
  2 quokka skeletons
  A quokka zombie (D:4)
  8 rats
776 creatures vanquished.

Vanquished Creatures (others)
  An orb spider (Spider:1)
  2 redbacks (Spider:1)
  A human (Lair:4)
  An adder skeleton (D:5)
  2 orcs (Orc:2)
  15 fungi
  21 plants
43 creatures vanquished.

Grand Total: 819 creatures vanquished

Notes
Turn   | Place    | Note
-------+----------+-------------------------------------------
     0 | D:1      | PikkenKukken the Demonspawn Fighter began the quest for the
                  | Orb.
     0 | D:1      | Reached XP level 1. HP: 18/18 MP: 1/1
    42 | D:1      | Reached skill level 2 in Short Blades
    48 | D:1      | Gained mutation: You sometimes gain a little power by
                  | taking damage. [demonic ancestry]
    48 | D:1      | Reached XP level 2. HP: 24/24 MP: 2/2
   284 | D:1      | Gained mutation: You have a pair of small horns on your
                  | head. [demonic ancestry]
   284 | D:1      | Reached XP level 3. HP: 26/29 MP: 3/3
  1070 | D:2      | Reached skill level 1 in Dodging
  1070 | D:2      | Reached XP level 4. HP: 34/35 MP: 4/4
  1397 | D:2      | Reached skill level 3 in Short Blades
  1473 | D:2      | Found a bloodstained altar of Trog.
  1552 | D:2      | Found a glowing golden altar of the Shining One.
  1832 | D:3      | Noticed Natasha
  1840 | D:3      | Killed Natasha
  1963 | D:3      | Gained mutation: You have a pair of horns on your head.
                  | [demonic ancestry]
  1963 | D:3      | Reached XP level 5. HP: 41/41 MP: 5/5
  2814 | D:3      | Noticed Natasha
  2825 | D:3      | Killed Natasha
  2825 | D:3      | Gained mutation: You are partially covered in sharp spines.
                  | [demonic ancestry]
  2825 | D:3      | Reached XP level 6. HP: 48/48 MP: 6/6
  3456 | D:4      | Found an iron altar of Okawaru.
  3496 | D:4      | Became a worshipper of Warmaster Okawaru
  3518 | D:4      | Found a transporter.
  3520 | D:4      | Found a transporter.
  3521 | D:4      | Noticed blobbo's ghost (amateur SpEn)
  3706 | D:4      | Noticed a hungry ghost
  3789 | D:4      | Found a glowing silver altar of Zin.
  3789 | D:4      | Noticed an angel
  3884 | D:5      | Entered Level 5 of the Dungeon
  3902 | D:5      | Found a sacrificial altar of Ru.
  3948 | D:5      | Noticed Grinder
  3949 | D:5      | Paralysed by Grinder for 3 turns
  3960 | D:5      | Killed Grinder
  3960 | D:5      | Reached skill level 4 in Short Blades
  3960 | D:5      | Gained mutation: You are partially covered in thin metallic
                  | scales. (AC +2) [demonic ancestry]
  3960 | D:5      | Reached XP level 7. HP: 33/54 MP: 7/7
  4111 | D:5      | Noticed a steam dragon
  4121 | D:5      | Killed a steam dragon
  4425 | D:5      | Found a staircase to the Ecumenical Temple.
  4635 | D:5      | Found a runed door.
  4639 | D:5      | Noticed Crazy Yiuf
  4646 | D:5      | Killed Crazy Yiuf
  4818 | D:6      | Found a stormy altar of Qazlal.
  4849 | D:6      | Reached * piety under Okawaru
  4897 | D:6      | Reached skill level 5 in Short Blades
  5200 | D:6      | Found a shadowy altar of Dithmenos.
  5222 | D:6      | Gained mutation: You are mostly covered in sharp spines.
                  | [demonic ancestry]
  5222 | D:6      | Reached XP level 8. HP: 61/61 MP: 8/8
  5579 | D:7      | Reached skill level 5 in Fighting
  5645 | D:6      | Reached skill level 1 in Invocations
  6206 | D:7      | Reached skill level 6 in Short Blades
  6323 | D:7      | Found a hide-covered altar of Uskayaw.
  6356 | D:7      | Reached ** piety under Okawaru
  6653 | D:7      | Reached skill level 5 in Shields
  6661 | D:7      | Noticed a hippogriff
  6670 | D:7      | Killed a hippogriff
  6670 | D:7      | Reached skill level 5 in Armour
  6831 | D:7      | Gained mutation: You have a pair of large horns on your
                  | head. [demonic ancestry]
  6831 | D:7      | Reached XP level 9. HP: 60/69 MP: 11/11
  7038 | D:7      | Reached *** piety under Okawaru
  7045 | D:7      | Reached skill level 7 in Short Blades
  7225 | D:7      | Reached skill level 5 in Invocations
  7303 | D:8      | Reached **** piety under Okawaru
  7437 | D:8      | Found a sparkling altar of Nemelex Xobeh.
  7684 | D:8      | Found a shimmering altar of Xom.
  7881 | D:9      | Found a sacrificial altar of Ru.
  7924 | D:9      | Reached skill level 8 in Short Blades
  7926 | D:9      | Reached XP level 10. HP: 69/77 MP: 12/14
  8023 | D:9      | Found a snail-covered altar of Cheibriados.
  8385 | D:9      | Reached ***** piety under Okawaru
  8433 | D:9      | Found a white marble altar of Elyvilon.
  8433 | D:9      | Found a blossoming altar of Fedhas.
  8886 | D:10     | Entered Level 10 of the Dungeon
  9481 | D:10     | Reached skill level 9 in Short Blades
  9976 | D:10     | Received a gift from Okawaru
 10545 | D:11     | Reached XP level 11. HP: 68/84 MP: 16/16
 10575 | D:11     | Found a staircase to the Lair.
 10584 | D:11     | Noticed an unseen horror
 10596 | D:11     | Killed an unseen horror
 10601 | D:11     | Found a labyrinth entrance.
 11313 | D:11     | Found a staircase to the Orcish Mines.
 11604 | Lair:1   | Entered Level 1 of the Lair of Beasts
 11637 | Lair:1   | Noticed Joseph
 11651 | Lair:1   | Killed Joseph
 11728 | Lair:1   | Reached skill level 10 in Short Blades
 13491 | Lair:2   | Received a gift from Okawaru
 13561 | Lair:2   | Noticed a seven-headed hydra
 13687 | Lair:2   | Found a staircase to the Shoals.
 13723 | Lair:2   | Killed a seven-headed hydra
 13723 | Lair:2   | Reached XP level 12. HP: 94/94 MP: 10/18
 13959 | Lair:2   | Found a runed door.
 13959 | Lair:2   | Found a shimmering altar of Xom.
 13959 | Lair:2   | Noticed Qoideq's ghost (journeyman MfGl)
 14443 | Lair:2   | Found a hole to the Spider Nest.
 14630 | Lair:3   | Reached skill level 11 in Short Blades
 14642 | Lair:3   | Received a gift from Okawaru
 14971 | Lair:3   | Reached skill level 10 in Invocations
 15446 | Lair:3   | Noticed an eight-headed hydra
 15456 | Lair:3   | Killed an eight-headed hydra
 16500 | Lair:4   | Noticed Kirke
 16581 | Lair:3   | Killed Kirke
 16581 | Lair:3   | Received a gift from Okawaru
 16581 | Lair:3   | Reached skill level 12 in Short Blades
 16581 | Lair:3   | Gained mutation: You are mostly covered in thin metallic
                  | scales. (AC +3) [demonic ancestry]
 16581 | Lair:3   | Reached XP level 13. HP: 100/102 MP: 12/21
 17115 | Lair:4   | Reached skill level 10 in Fighting
 17809 | Lair:5   | Received a gift from Okawaru
 17837 | Lair:5   | Got a pair of brightly glowing boots {god gift}
 17848 | Lair:5   | Identified the +0 pair of boots of the Onion {rF+ rCorr
                  | Int+4} (Okawaru gifted it to you on level 5 of the Lair of
                  | Beasts)
 17863 | Lair:5   | Noticed Urug
 18176 | Lair:5   | Killed Urug
 18946 | Lair:6   | Entered Level 6 of the Lair of Beasts
 19012 | Lair:6   | Noticed Snorg
 19300 | D:4      | Killed blobbo's ghost
 19508 | Orc:1    | Entered Level 1 of the Orcish Mines
 19802 | Orc:2    | Entered Level 2 of the Orcish Mines
 20192 | Orc:2    | Found a staircase to the Elven Halls.
 20342 | Orc:2    | Paralysed by an orc sorcerer for 4 turns
 22159 | Orc:2    | Reached skill level 5 in Dodging
 22653 | Orc:2    | Reached XP level 14. HP: 106/111 MP: 22/22
 22762 | Orc:2    | Reached skill level 13 in Short Blades
 22846 | Orc:2    | Found Iced's Armour Shop.
 23168 | Orc:2    | Received a gift from Okawaru
 23248 | Orc:2    | Found Toigeyv's Assorted Antiques.
 23249 | Orc:2    | Found Gyihof's Antique Armour Emporium.
 23254 | Orc:2    | Found Tedumad's General Store.
 23281 | Orc:2    | Bought a silver wand for 104 gold pieces
 23281 | Orc:2    | Bought a bronze ring for 130 gold pieces
 23475 | Lair:5   | Killed Snorg
 23496 | Lair:6   | Found a staircase to the Slime Pits.
 24228 | Lair:6   | Reached skill level 10 in Armour
 24262 | Lair:6   | Reached skill level 10 in Shields
 25526 | Lair:6   | Found a runed gate.
 25544 | Lair:6   | Found a runed gate.
 25544 | Lair:6   | Found a viscous altar of Jiyva.
 25544 | Lair:6   | Found a runed gate.
 25544 | Lair:6   | Noticed Waxziuq's ghost (journeyman DDFi)
 26329 | Lair:6   | Identified Plog's Handbook of the Glacial Birds
 27020 | D:12     | Found a flagged portal.
 27031 | Bailey   | Entered a bailey
 27216 | Bailey   | Found a burning altar of Makhleb.
 28219 | D:13     | Found a white marble altar of Elyvilon.
 28392 | D:13     | Found a basalt altar of Yredelemnul.
 28716 | D:14     | Gained mutation: You sometimes gain power by taking damage.
                  | [demonic ancestry]
 28716 | D:14     | Reached XP level 15. HP: 119/119 MP: 23/23
 28809 | D:14     | Reached skill level 14 in Short Blades
 28822 | D:14     | Identified a scroll of acquirement
 28825 | D:14     | Got a steaming rapier
 28826 | D:14     | Identified the +3 rapier of Midwinter {flame, rPois rN++
                  | Str-4 Stlth+} (You acquired it on level 14 of the Dungeon)
 28965 | D:14     | Reached ****** piety under Okawaru
 29400 | D:14     | Got a smoking ruby amulet
 29401 | D:14     | Identified the amulet "Uvihi" {Inacc Str+5 Dex+9} (You
                  | found it on level 14 of the Dungeon)
 29603 | D:14     | Received a gift from Okawaru
 29744 | D:14     | Found a gate to the Vaults.
 30468 | D:14     | Found Kesoe's Antique Weapon Emporium.
 31031 | Spider:1 | Entered Level 1 of the Spider Nest
 32124 | Lair:1   | Received a gift from Okawaru
 32552 | Spider:1 | Noticed Nikola
 32618 | Spider:1 | Killed from afar by Nikola

Vault maps used:
D:1:      dpeg_arrival_radiant
D:2:      kennysheep_six_static_rooms, nicolae_overflow_crystal_walls,
          old_standard_altar, first_ration
D:3:      uniq_natasha
D:4:      zin_angel, lemuel_crystal_altar, serial_forest,
          infiniplex_forest_lined_room_2, infiniplex_forest_clump_double,
          infiniplex_forest_end_2, infiniplex_forest_clump_cross,
          gammafunk_ghost_mausoleum
D:5:      minmay_temple_entry_butterflies, nicolae_ru_awakened_eye,
          uniq_grinder, uniq_crazy_yiuf_cottage
D:6:      overflow_temple_1_default, lemuel_crystal_altar
D:7:      eat_drink_and_be_merry_uskayaw
D:8:      overflow_temple_1_default, tgw_xom
D:9:      gammafunk_temple_overflow_pools, slow_altar_1, basic_altar
D:11:     lair_entry_dummy, zombieorc2_lemuel, lab_entry_generic
D:12:     serial_glass, glass_columns_a, glass_columns_b, glass_columns_b,
          glass_columns_b, glass_columns_a, glass_columns_b, glass_columns_a,
          glass_columns_a, glass_columns_a, glass_columns_a, glass_columns_a,
          glass_columns_c, glass_columns_b, glass_columns_a, enter_bailey_3,
          hangedman_little_slice_of_home
D:13:     basic_altar, spider_trap, st_stairs_12,
          lemuel_mausoleum_altar_yredelemnul
D:14:     erik_vaults_2, serial_shops, shop, minmay_misc_feat_columns
Lair:1:   serial_bayou_pond_a, uniq_joseph
Lair:2:   minmay_shoals_entry_beasts, spider_nest_entry_rubble,
          ebering_ghost_xom, infiniplex_staircase_pool
Lair:3:   serial_bayou_shore_b
Lair:4:   nicolae_volcano_entry_vermiform, lemuel_fruit_tree, uniq_kirke
Lair:5:   cheibrodos_lair_lostbears, uniq_urug
Lair:6:   gammafunk_lair_ancient_temple, slime_dummy, gammafunk_ghost_ooze,
          minmay_lindwurm_lava, uniq_snorg
Spider:1: uniq_nikola
Orc:2:    st_orc_elflike, nooodl_orcs_dogs
Bailey:   bailey_axe_3, bailey

Skill      XL: |  1  2  3  4  5  6  7  8  9 10 11 12 13 14 15 |
---------------+----------------------------------------------+-----
Short Blades   | 2 3 4 5 6 8 9 10 12 13 14 | 14.5
Armour         | 3 4 5 6 7 9 10 | 10.9
Shields        | 3 4 5 6 7 8 9 10 | 10.9
Dodging        | 1 2 5 7 9 |  9.1
Fighting       | 4 5 6 7 8 9 10 11 | 11.9
Invocations    | 3 5 7 9 10 11 | 11.2

Action                   |  1- 3 |  4- 6 |  7- 9 | 10-12 | 13-15 || total
-------------------------+-------+-------+-------+-------+-------++-------
Melee: Rapier            |    92 |   167 |   293 |   996 |  2223 ||  3771
       Headbutt          |     6 |    24 |    64 |   262 |   591 ||   947
       Short sword       |       |       |       |       |    41 ||    41
Invok: Heroism           |       |       |     2 |    10 |    17 ||    29
       Finesse           |       |       |       |     5 |    10 ||    15
Evoke: Wand              |       |       |       |       |     8 ||     8
  Use: Scroll            |       |    12 |     5 |     9 |    13 ||    39
       Potion            |       |       |     1 |       |     4 ||     5
  Eat: Chunk             |     1 |     5 |    13 |    14 |    24 ||    57
       Ration            |       |     1 |       |     5 |     8 ||    14
Armor: Scale mail        |    36 |     1 |       |       |       ||    37
       Plate armour      |       |    83 |   164 |   257 |       ||   504
       Crystal plate arm |       |       |       |   140 |  1078 ||  1218
Dodge: Dodged            |    24 |    19 |    40 |   101 |   266 ||   450
Block: Shield            |    37 |    63 |   153 |   439 |  1101 ||  1793

Table legend:
 A = Non-vault XP
 B = Vault XP
 C = Vault XP percentage of total XP
 D = Non-vault monster count
 E = Vault monster count
 F = Vault count percentage of total count
                 A         B        C        D         E       F
            +---------+---------+-------+---------+---------+-------
      Total |   95500 |   41109 |  30.1 |     595 |     182 |  23.4
            +---------+---------+-------+---------+---------+-------
        D:1 |      65 |       0 |   0.0 |      31 |       0 |   0.0
        D:2 |     113 |      26 |  18.7 |      22 |       6 |  21.4
        D:3 |     195 |      35 |  15.2 |      19 |       1 |   5.0
        D:4 |      74 |     221 |  74.9 |      10 |       4 |  28.6
        D:5 |     220 |     313 |  58.7 |      12 |       2 |  14.3
        D:6 |     868 |       0 |   0.0 |      21 |       0 |   0.0
        D:7 |    2681 |       0 |   0.0 |      40 |       0 |   0.0
        D:8 |     769 |       8 |   1.0 |      14 |       4 |  22.2
        D:9 |    2081 |       4 |   0.2 |      18 |       1 |   5.3
       D:10 |    2601 |       0 |   0.0 |      27 |       0 |   0.0
       D:11 |    4376 |     961 |  18.0 |      30 |      36 |  54.5
       D:12 |    1870 |     427 |  18.6 |      30 |      13 |  30.2
       D:13 |    3307 |    1262 |  27.6 |      25 |      13 |  34.2
       D:14 |   12864 |    7911 |  38.1 |      42 |       8 |  16.0
     Lair:1 |    5618 |     434 |   7.2 |      19 |       1 |   5.0
     Lair:2 |    7908 |    1371 |  14.8 |      21 |       3 |  12.5
     Lair:3 |    9811 |    2190 |  18.2 |      36 |       2 |   5.3
     Lair:4 |    9014 |    1035 |  10.3 |      40 |       3 |   7.0
     Lair:5 |    4466 |    4040 |  47.5 |      16 |       9 |  36.0
     Lair:6 |   13851 |   10973 |  44.2 |      50 |      23 |  31.5
   Spider:1 |    8122 |       0 |   0.0 |      28 |       0 |   0.0
      Orc:1 |    1789 |    2570 |  59.0 |      16 |       8 |  33.3
      Orc:2 |    2837 |    6770 |  70.5 |      28 |      29 |  50.9
     Bailey |       0 |     558 | 100.0 |       0 |      16 | 100.0
            +---------+---------+-------+---------+---------+-------
